 Dungeon Crawl Stone Soup version 0.14-a0-2604-g6f603d6 (webtiles) character file.

1041 4tharraofdagon the Firebug (level 7, -1/62 HPs)
             Began as a Djinni Fire Elementalist on Feb 13, 2014.
             Was a Follower of Makhleb.
             Slain by a yak (9 damage)
             ... on Level 8 of the Dungeon.
             The game lasted 00:10:01 (1525 turns).

4tharraofdagon the Firebug (DjFE)                   Turns: 1525, Time: 00:10:01

HP  -1/62        AC  3     Str 10      XL: 7   Next: 90%
MP   0/0         EV 12     Int 16      God: Makhleb [*.....]
Gold 89          SH  0     Dex 13      Spells:  3 memorised,  6 levels left

rFire  + + +     SeeInvis .     i - +0 war axe
rCold  x . .     Clarity  .     m - +1 orc robe {MR+}
rNeg   + + +     Conserve .     (no shield)
rPois  .         rCorr    .     (no helmet)
rElec  .         rRot     .     (no cloak)
SustAb . .       Spirit   .     (no gloves)
rMut   .         Warding  .     (boots unavailable)
Saprov . . .     Stasis   .     (no amulet)
MR     +....                    (no ring)
                                (no ring)

@: flying, very slightly contaminated, somewhat resistant to hostile
enchantments, fairly stealthy
A: fire immunity, cold vulnerability, life protection 3
a: Renounce Religion


You were on level 8 of the Dungeon.
You worshipped Makhleb.
Makhleb was aware of your devotion.
You were not hungry.

You visited 2 branches of the dungeon, and saw 10 of its levels.

You collected 89 gold pieces.

Inventory:

Hand weapons
 g - a +1,+2 orcish mace
 i - a +0,+0 war axe (weapon)
Armour
 a - a +0 robe
 d - a +1 dwarven plate armour
 m - a +1 orcish robe of magic resistance (worn)
 o - a cursed -1 ring mail
Scrolls
 j - 2 scrolls of enchant armour {unknown}
 l - a scroll of random uselessness {unknown}
 n - a scroll of immolation {unknown}
 p - a scroll of fog {unknown}
 q - a scroll of curse weapon {unknown}
Jewellery
 c - an uncursed ring of flight
 e - a -2 ring of intelligence
 h - a -5 ring of protection
Potions
 f - a potion of paralysis
Books
 b - a book of Flames

   Spells                             Type                      Level
   *Flame Tongue                      Conjuration/Fire             1
   Throw Flame                        Conjuration/Fire             2
   *Conjure Flame                     Conjuration/Fire             3
   Inner Flame                        Hexes/Fire                   3
   *Sticky Flame                      Conjuration/Fire             4
   Fireball                           Conjuration/Fire             5


   Skills:
 + Level 2.7 Fighting
 * Level 4.1 Axes
 + Level 3.6 Armour
 - Level 1.7 Dodging
 - Level 1.5 Stealth
 + Level 4.2 Spellcasting
 - Level 3.0 Conjurations
 - Level 5.7 Fire Magic
 + Level 3.0 Evocations


You had 6 spell levels left.
You knew the following spells:

 Your Spells              Type           Power        Failure   Level  Hunger
a - Flame Tongue          Conj/Fire      ###..        3%          1    None
b - Conjure Flame         Conj/Fire      ###.....     12%         3    ###....
c - Sticky Flame          Conj/Fire      ###.....     34%         4    ####...


Dungeon Overview and Level Annotations

Branches:
Dungeon (9/16)             Temple (1/1) D:6
    Orc: D:9-12        Lair: D:8-11

Altars:
Ashenzari
Cheibriados
Dithmenos
Elyvilon
Fedhas
Kikubaaqudgha
Makhleb
Nemelex Xobeh
Okawaru
Trog
Vehumet
Xom
Yredelemnul
Zin

Annotations:
D:3 4tharraofdagon's ghost, weakling CeGl
D:5 Prince Ribbit
D:9 Gastronok


Innate Abilities, Weirdness & Mutations

You are immune to all types of fire, even holy and hellish.
You are vulnerable to cold.
You need no food.
You have no legs.
You are immune to negative energy.


Message History

Unknown command.
Unknown command.
You hit the yak.
The yak is moderately wounded.
The yak is engulfed in roaring flames.
You kill the yak!
Makhleb accepts your kill.
Your Axes skill increases to level 4!
Your Spellcasting skill increases to level 4!
Your Evocations skill increases to level 3!
The yak is engulfed in roaring flames.
The yak closely misses you.
Unknown command.
Unknown command.
Unknown command.
Unknown command.
Unknown command.
You barely miss the yak.
The yak is heavily wounded.
The yak is engulfed in roaring flames.
The yak gores you!
You die...

#.# ###.%..# #.Y..#..#
.######.####...##.###...Y#<.#
.................%.....##.#Y.#
.######.....................#
#### #.##...###...##......$.#
#...##.><...# #.............#
####..........># ##....###.....#
..........>...#####....###....##
...............@Y§............#
#####.....########.###...#....
........## ####.# ...#.....
######### #....# ####.. #....#
#....# .................
#######.####### #.#


You could see a yak.

Vanquished Creatures
  3 yaks (D:8)
  A hippogriff (D:8)
  A hungry ghost (D:8)
  A centaur (D:7)
  A scorpion (D:8)
  A worker ant (D:6)
  2 adders (D:7)
  A giant mite (D:6)
  A giant eyeball (D:8)
  3 giant geckos
  An orc (D:6)
  4 bats
  A bat zombie (D:6)
  A goblin (D:2)
  5 hobgoblins
  3 jackals (D:6)
  A giant gecko skeleton (D:7)
  A giant newt (D:3)
  A kobold (D:6)
  A quokka skeleton (D:7)
  A rat (D:8)
35 creatures vanquished.

Notes
Turn   | Place    | Note
--------------------------------------------------------------
     0 | D:1      | 4tharraofdagon, the Djinni Fire Elementalist, began the quest for the Orb.
     0 | D:1      | Reached XP level 1. HP: 14/14 MP: 0/0
   207 | D:3      | Reached XP level 2. EP: 11/22
   216 | D:3      | Noticed 4tharraofdagon's ghost (weakling CeGl)
   229 | D:5      | Entered Level 5 of the Dungeon
   229 | D:5      | Noticed Prince Ribbit
   290 | D:6      | Found a staircase to the Ecumenical Temple.
   305 | Temple   | Entered the Ecumenical Temple
   346 | Temple   | Became a worshipper of Makhleb the Destroyer
   374 | D:6      | Reached skill level 1 in Armour
   608 | D:6      | Reached XP level 3. EP: 4/28
   679 | D:6      | Learned a level 3 spell: Conjure Flame
   728 | D:7      | Noticed a giant frog
   746 | D:6      | Reached skill level 5 in Fire Magic
   796 | D:7      | Reached skill level 1 in Fighting
   796 | D:7      | Reached skill level 1 in Axes
   796 | D:7      | Reached XP level 4. EP: 18/36
   818 | D:7      | Learned a level 4 spell: Sticky Flame
   845 | D:8      | Noticed a yak
   845 | D:8      | Noticed a yak
  1012 | D:8      | Noticed a yak
  1014 | D:8      | Noticed a yak
  1017 | D:8      | Noticed a yak
  1022 | D:8      | Noticed a yak
  1022 | D:8      | Killed a yak
  1022 | D:8      | Reached XP level 5. EP: 19/44
  1045 | D:8      | Noticed a hungry ghost
  1045 | D:8      | Noticed a sky beast
  1056 | D:8      | Noticed a hippogriff
  1187 | D:8      | Acquired Makhleb's first power
  1187 | D:8      | Reached XP level 6. EP: 15/50
  1296 | D:7      | Noticed a centaur
  1303 | D:7      | Killed a centaur
  1309 | D:7      | Noticed a necrophage
  1321 | D:7      | Noticed a giant frog
  1328 | D:9      | Noticed Gastronok
  1445 | D:8      | Killed a hippogriff
  1445 | D:8      | Reached skill level 1 in Evocations
  1503 | D:8      | Killed a hungry ghost
  1503 | D:8      | Reached XP level 7. EP: 49/60
  1522 | D:8      | Killed a yak
  1524 | D:8      | Killed a yak
  1525 | D:8      | Slain by a yak

Action                   |  1- 3 |  4- 6 |  7- 9 || total
-------------------------+-------+-------+-------++-------
Melee: Unarmed           |     1 |       |       ||     1
       War axe           |    32 |    46 |     6 ||    84
 Cast: Flame Tongue      |    30 |    13 |       ||    43
       Conjure Flame     |       |     7 |     2 ||     9
       Sticky Flame      |       |     1 |       ||     1
  Use: Scroll            |     2 |       |       ||     2
       Potion            |       |     1 |       ||     1
